 Dungeon Crawl Stone Soup version 0.24-a0-201-gf205589 (console) character file.

Game seed: 17679656962284090117

151 Duffy the Chopper (level 5, -1/42 HPs)
             Began as a Minotaur Gladiator on Mar 22, 2019.
             Slain by an adder (2 damage)
             ... on level 4 of the Dungeon.
             The game lasted 00:03:03 (2711 turns).

Duffy the Chopper (Minotaur Gladiator)              Turns: 2711, Time: 00:03:03

Health: -1/42      AC:  6    Str: 20    XL:     5   Next: 11%
Magic:  4/4        EV:  8    Int:  5    God:
Gold:   133        SH:  7    Dex: 11    Spells: 4/4 levels left

rFire    . . .     SeeInvis .   a - +0 war axe
rCold    . . .     Gourm    .   B - +0 shield
rNeg     . . .     Faith    .   x - +0 scale mail
rPois    .         Spirit   .   c - +0 hat
rElec    .         Reflect  .   (no cloak)
rCorr    .         Harm     .   (no gloves)
MR       .....                  (no boots)
Stlth    ..........             (no amulet)
HPRegen  0.14/turn              (no ring)
MPRegen  0.09/turn              (no ring)

@: lethally poisoned (-1 -> -3)
A: retaliatory headbutt, horns 2
a: no special abilities


You were on level 4 of the Dungeon.
You were hungry.

You visited 1 branch of the dungeon, and saw 4 of its levels.

You collected 133 gold pieces.

Inventory:

Hand Weapons
 a - a +0 war axe (weapon)
Missiles
 d - 3 throwing nets (quivered)
 o - 2 curare-tipped needles
 u - 8 javelins of penetration
Armour
 c - a +0 hat (worn)
 x - a +0 scale mail (worn)
 B - a +0 shield (worn)
Jewellery
 w - an uncursed ring of fire
Wands
 b - a wand of random effects (25)
 A - a wand of paralysis (5)
Scrolls
 h - a scroll of identify {unknown}
 i - 3 scrolls of fog {unknown}
 j - a scroll of teleportation {unknown}
 k - 3 scrolls of magic mapping {unknown}
 m - 2 scrolls of amnesia {unknown}
 r - a scroll of enchant armour {unknown}
 v - a scroll of remove curse {unknown}
 y - a scroll of fear {unknown}
Potions
 e - a potion of lignification {unknown}
 g - 2 potions of resistance {unknown}
 l - a potion of invisibility {unknown}
 n - 2 potions of haste {unknown}
 p - 3 potions of flight {unknown}
 q - a potion of mutation {unknown}
 s - 3 potions of cancellation
 t - 2 potions of brilliance {unknown}
 z - 2 potions of heal wounds {unknown}
 C - a potion of curing {unknown}
Comestibles
 f - 6 rations


   Skills:
 - Level 2.4 Fighting
 + Level 7.1 Axes
 - Level 2.0 Throwing
 - Level 3.2 Dodging


You had 4 spell levels left.
You didn't know any spells.
Your spell library was empty.

Dungeon Overview and Level Annotations

Branches:
Dungeon (4/15)             Temple (0/1) D:4

Altars:
Ru
Sif Muna

Annotations:
D:4 3 runed translucent doors, exclusion: door, Lanoc's ghost, weakling DrGl


Innate Abilities, Weirdness & Mutations

You reflexively headbutt those who attack you in melee.
You have a pair of horns on your head.


Message History

You block the adder's attack.
You are too injured to fight recklessly!
You slash the adder!
The adder is heavily wounded.
You feel sick. The adder bites you. You block the adder's attack.
You are too injured to fight recklessly!
You barely miss the adder.
The adder is heavily wounded.
The adder closely misses you.
Your shield prevents you from hitting the adder.
The adder is heavily wounded.
You feel sick. The adder closely misses you.
The adder bites you but does no damage.
It was a potion of cancellation.
You feel magically purged. The adder bites you but does no damage.
The white imp disappears for a moment.
You hit the adder. Your headbutt misses the adder.
The adder is almost dead.
The adder bites you.
You die...

#..# ### ####
##....#########
#.....S@.)....##
#...###+++###..##
#+### . #.ZZ5W..##..#
....#
##...#...Z.....##.##
....#
#...##...?......#..##
..%.###
#...#...####....##..#
.>..'.# #..##..#
###...#..## ....#.#
#..#..# #..#...#
....#.###..#..#
#..#...#


You could see Lanoc's ghost, an adder, a white imp, a bullfrog simulacrum and 2
worker ant simulacra.

Vanquished Creatures
  Ijyb (D:3)
  A worker ant (D:4)
  A hound skeleton (D:4)
  3 adders
  A howler monkey skeleton (D:4)
  An adder skeleton (D:4)
  2 worms (D:3)
  2 dart slugs
  3 orcs
  2 giant cockroaches (D:2)
  3 goblins
  8 hobgoblins
  2 jackals (D:2)
  A quokka (D:2)
  A ball python (D:3)
  3 bats (D:2)
  5 frilled lizards
  A kobold (D:2)
  5 rats
46 creatures vanquished.

Notes
Turn   | Place    | Note
-------+----------+-------------------------------------------
     0 | D:1      | Duffy the Minotaur Gladiator began the quest for the Orb.
     0 | D:1      | Reached XP level 1. HP: 18/18 MP: 0/0
   405 | D:1      | Reached skill level 4 in Axes
   576 | D:1      | Reached XP level 2. HP: 22/25 MP: 1/1
  1137 | D:2      | Reached skill level 5 in Axes
  1239 | D:2      | Found a sacrificial altar of Ru.
  1276 | D:2      | Reached XP level 3. HP: 30/30 MP: 2/2
  2126 | D:3      | Found a faded altar of an unknown god.
  2511 | D:4      | Found a deep blue altar of Sif Muna.
  2522 | D:4      | Noticed Ijyb
  2543 | D:3      | Killed Ijyb
  2543 | D:3      | Reached skill level 6 in Axes
  2543 | D:3      | Reached XP level 4. HP: 14/37 MP: 3/3
  2619 | D:4      | Found a staircase to the Ecumenical Temple.
  2645 | D:4      | Reached skill level 7 in Axes
  2645 | D:4      | Reached XP level 5. HP: 19/42 MP: 4/4
  2667 | D:4      | Noticed Lanoc's ghost (weakling DrGl)
  2692 | D:4      | Found a runed translucent gate.
  2692 | D:4      | Found a runed translucent gate.
  2692 | D:4      | Found a runed translucent gate.
  2707 | D:4      | HP: 1/42 [adder (4)]
  2711 | D:4      | Slain by an adder

Levels and vault maps discovered:
D:1:      sevenhm_arrival_forest_fort_small_3, layout_loops_ring
D:2:      layout_basic, nicolae_ru_awakened_eye
D:3:      layout_basic, chequers_ecumenical_altar_twisty
D:4:      layout_basic, led_sif_book, temple_green, gup_sewer_entry_bowl,
          gammafunk_ghost_icy, first_ration, uniq_ijyb

Skill      XL: |  1  2  3  4 |
---------------+-------------+-----
Axes           | 4 5 6 7 |  7.1
Fighting       | |  2.4
Throwing       | |  2.0
Dodging        | |  3.2

Action                   |  1- 3 |  4- 6 || total
-------------------------+-------+-------++-------
Melee: War axe           |    82 |    34 ||   116
       Headbutt          |     7 |     5 ||    12
  Use: Potion            |       |     1 ||     1
  Eat: Chunk             |     5 |       ||     5
Armor: Leather armour    |    18 |       ||    18
       Scale mail        |     6 |    13 ||    19
Dodge: Dodged            |    47 |    14 ||    61
Block: Shield            |     7 |    13 ||    20

Table legend:
 A = Non-vault XP
 B = Vault XP
 C = Vault XP percentage of total XP
 D = Non-vault monster count
 E = Vault monster count
 F = Vault count percentage of total count
                 A         B        C        D         E       F
            +---------+---------+-------+---------+---------+-------
      Total |     181 |      36 |  16.6 |      45 |       1 |   2.2
            +---------+---------+-------+---------+---------+-------
        D:1 |      17 |       0 |   0.0 |       8 |       0 |   0.0
        D:2 |      30 |       0 |   0.0 |      20 |       0 |   0.0
        D:3 |      34 |      36 |  51.4 |       9 |       1 |  10.0
        D:4 |     100 |       0 |   0.0 |       8 |       0 |   0.0
            +---------+---------+-------+---------+---------+-------
